 Dungeon Crawl Stone Soup version 0.29-a0-334-gb41bcbb86e (webtiles) character file.

Game seed: 12651258898431805272

7 zishaf the Cutter (level 1, -2/11 HPs)
             Began as a Spriggan Chaos Knight on Apr 13, 2022.
             Was a Plaything of Xom.
             Frozen to death by an endoplasm (4 damage)
             ... on level 1 of the Dungeon.
             The game lasted 00:01:05 (428 turns).

zishaf the Cutter (Spriggan Chaos Knight)            Turns: 428, Time: 00:01:05

Health: -2/11      AC:  4    Str:  8    XL:     1   Next: 83%
Magic:  2/2        EV: 17    Int: 13    God:    Xom [....*.]
Gold:   0          SH:  0    Dex: 14    Spells: 0/0 levels left

rFire   . . .      SeeInvis +   a - +0 short sword (chaos)
rCold   . . .      Faith    .   (no shield)
rNeg    . . .      Spirit   .   b - +2 robe
rPois   .          Reflect  .   (helmet restricted)
rElec   .          Harm     .   (no cloak)
rCorr   .          Rampage  .   (gloves unavailable)
Will    .....                   (boots unavailable)
Stlth   ++........              (no amulet)
HPRegen 0.03/turn               (no ring)
MPRegen 0.08/turn               (no ring)

@: very quick
A: very small, no large weapons, unfitting armour, see invisible, speed 3
a: Renounce Religion


You were on level 1 of the Dungeon.
You worshipped Xom.
You were a beloved toy of Xom.
You visited 1 branch of the dungeon, and saw 1 of its levels.

Inventory:

Hand Weapons
 a - a +0 short sword of chaos (weapon)
Armour
 b - a +2 robe (worn)
Potions
 d - 2 potions of mutation {unknown}
Miscellaneous
 c - a piece from Xom's chessboard (15/15) (quivered)


   Skills:
 + Level 2.5 Fighting
 * Level 3.5 Short Blades
 - Level 3.2 Dodging
 + Level 1.0 Stealth


You couldn't memorise any spells.
You didn't know any spells.
Your spell library contained the following spells:

 Spells                   Type           Power      Damage    Failure   Level
 Gell's Gravitas          Tloc           0%         N/A       67%         3
 Lesser Beckoning         Tloc           0%         N/A       67%         3
 Teleport Other           Tloc           0%         N/A       67%         3


Dungeon Overview and Level Annotations

Branches:
Dungeon (1/15)

Altars:


Innate Abilities, Weirdness & Mutations

You are very small and have problems with some larger weapons.
You are too small for most types of armour.
You have supernaturally acute eyesight. (SInv)
You cover ground extremely quickly. (Speed+++)


Message History

Your Stealth skill increases to level 1!
The endoplasm freezes you.
You are frozen.
You hit the endoplasm but do no damage. The endoplasm freezes you.
You are frozen.
* * * LOW HITPOINT WARNING * * *
You hit the endoplasm but do no damage. The endoplasm barely misses you.
You hit the endoplasm but do no damage.
The endoplasm goes berserk!
Xom is highly amused!
The endoplasm hits you.
* * * LOW HITPOINT WARNING * * *
The endoplasm misses you.
You see here a +0 ring mail.
The endoplasm is no longer berserk.
You start resting. "Go forth and redecorate, my child!"
You are now a beloved toy of Xom.
You start resting.
An endoplasm is nearby!
You see here a +0 ring mail.
The endoplasm quivers.
You hit the endoplasm but do no damage. The endoplasm freezes you.
You are frozen.
* * * LOW HITPOINT WARNING * * *
A shower of butterflies erupts from you!
Really walk into that cloud of calcifying dust?
Okay, then.
Your butterfly is engulfed in calcifying dust.
Your butterfly is moving more slowly.
The endoplasm hits your butterfly.
Your butterfly dies!
Your butterfly degenerates into a cloud of primal chaos!
The endoplasm is engulfed in calcifying dust.
The endoplasm is moving more slowly.
The endoplasm freezes you.
You are frozen.
You die...
Xom yawns loudly!

#.....#...#...#
#####.#...##
#.###.#.#####.#
#.g.#...
#.#<#...# #..#
###.†.##
#.#.##### ##.#
##.### #.#...#
#§#
########...#
#.###.# ###§#
............
#.....# #...#
########.###
###.#######§#.#
#....
#...#...J@#.#
#####
###.###.###.#
#...#..b..#.#
###.#.#.###.#.#
#...#...# #.#.#
#.#####.###.#.#
#...# #.....#
###.#####.###
#...#...#


You could see an endoplasm (petrifying).

Vanquished Creatures
  3 hobgoblins (D:1)
  A quokka (D:1)
  A bat (D:1)
  A frilled lizard (D:1)
6 creatures vanquished.

Notes
Turn   | Place    | Note
-------+----------+-------------------------------------------
     0 | D:1      | zishaf the Spriggan Chaos Knight began the quest for the
                  | Orb.
     0 | D:1      | Reached XP level 1. HP: 11/11 MP: 2/2
   199 | D:1      | XOM: silly message
   200 | D:1      | Reached skill level 1 in Stealth
   391 | D:1      | XOM: cloud trail
   424 | D:1      | XOM: butterfly on damage
   428 | D:1      | Frozen to death by an endoplasm

Illustrated notes

Levels and vault maps discovered:
D:1:      elethiomel_arrival_maze, layout_loops_ring,
          hellmonk_ecumenical_altar_lost_god, st_stairs_11

Skill      XL: |  1 |
---------------+----+-----
Stealth        | 1 |  1.0
Fighting       | |  2.5
Short Blades   | |  3.5
Dodging        | |  3.2

Action                   || total
-------------------------++-------
Melee: Short sword       ||    23
 Stab: Sleeping          ||     1
Armor: Robe              ||     2
Dodge: Dodged            ||    14

Table legend: (Time is in decaauts)
 A = Elapsed time spent in this place.
 B = Non-inter-level travel time spent in this place.
 C = Inter-level travel time spent in this place.
 D = Time resting spent in this place.
 E = Time spent auto-exploring this place.
 F = Levels seen in this place.
 G = Mean time per level.
                   A        B        C        D        E       F      G
               +--------+--------+--------+--------+--------+-----+--------+
         Total |    332 |    332 |      0 |    164 |     73 |   1 |  332.0 |
       Dungeon |    332 |    332 |      0 |    164 |     73 |   1 |  332.0 |
               +--------+--------+--------+--------+--------+-----+--------+

Top non-repeatable levels by time:
     D:1: 332 daAuts
